 Dungeon Crawl Stone Soup version 0.29-a0-289-g2178c42546 (webtiles) character file.

Game seed: 16911592937501735357

1117 Dabor the Skirmisher (level 8, -2/66 HPs)
             Began as a Palentonga Fighter on Mar 17, 2022.
             Was a Priest of Lugonu.
             Slain by Eustachio
             ... wielding a +0 rapier
              (5 damage)
             ... on level 5 of the Dungeon.
             The game lasted 00:05:44 (4412 turns).

Dabor the Skirmisher (Palentonga Fighter)           Turns: 4412, Time: 00:05:45

Health: -2/66      AC: 17    Str: 22    XL:     8   Next: 12%
Magic:  9/9        EV: 11    Int:  8    God:    Lugonu [***...]
Gold:   38         SH:  8    Dex: 10    Spells: 7/7 levels left

rFire   . . .      SeeInvis +   a - +0 war axe
rCold   . . .      Faith    .   s - +0 kite shield
rNeg    . . .      Spirit   .   b - +0 scale mail
rPois   .          Reflect  .   p - +0 helmet
rElec   .          Harm     .   g - +0 cloak
rCorr   .          Rampage  .   q - +0 pair of gloves
Will    .....                   (no barding)
Stlth   ..........              (no amulet)
HPRegen 0.21/turn               j - +4 ring of evasion
MPRegen 0.11/turn               (no ring)

@: curled up
A: large, rugged brown scales 3, see invisible, deformed body, roll 1, armoured
tail, reflexive curl
a: Rolling Charge, Renounce Religion, Depart the Abyss, Bend Space, Banish


You were on level 5 of the Dungeon.
You worshipped Lugonu.
Lugonu was most pleased with you.
You visited 1 branch of the dungeon, and saw 5 of its levels.

You collected 164 gold pieces.
You spent 126 gold pieces at shops.

Inventory:

Hand Weapons
 a - a +0 war axe (weapon)
Armour
 b - a +0 scale mail (worn)
 c - a +0 buckler
 g - a +0 cloak (worn)
 p - a +0 helmet (worn)
 q - a +0 pair of gloves (worn)
 s - a +0 kite shield (worn)
Jewellery
 d - a ring of wizardry
 j - a +4 ring of evasion (left hand)
Wands
 m - a wand of flame (7)
Scrolls
 f - 5 scrolls of identify
 i - 2 scrolls of teleportation
 k - 2 scrolls of immolation
 n - a scroll of fog {unknown}
 o - 2 scrolls of amnesia {unknown}
 r - a scroll of enchant weapon {unknown}
Potions
 e - a potion of curing
 l - a potion of magic


   Skills:
 * Level 5.3 Fighting
 * Level 4.8 Axes
 * Level 4.3 Armour
 * Level 2.3 Dodging
 + Level 4.0 Shields
 + Level 2.6 Invocations


You had 7 spell levels left.
You didn't know any spells.
Your spell library contained the following spells:

 Spells                   Type           Power      Damage    Failure   Level
 Blink                    Tloc           0%         N/A       98%         2
 Sublimation of Blood     Necr           0%         N/A       98%         2
 Wereblood                Tmut           0%         N/A       98%         2
 Manifold Assault         Tloc           0%         N/A       100%        5
 Malign Gateway           Summ/Tloc      0%         N/A       100%        7
 Storm Form               Tmut/Air       0%         N/A       100%        7
 Summon Hydra             Summ           0%         N/A       100%        7
 Summon Horrible Things   Summ           0%         N/A       100%        8


Dungeon Overview and Level Annotations

Branches:
Dungeon (5/15)
 Temple: D:4-7

Altars:
Lugonu

Shops:
D:4 [

Annotations:
D:5 Eustachio


Innate Abilities, Weirdness & Mutations

You are completely covered in rugged brown scales. (AC +3, +7% HP)
You have supernaturally acute eyesight. (SInv)
Armour fits poorly on your strangely shaped body.
You can roll at nearby foes to attack.
You have a long armoured tail.
You curl defensively after being hit. (AC +7*)


Message History

Eustachio is severely wounded.
Eustachio calls on the powers of shadow!
Eustachio hits you with a +0 rapier.
* * * LOW HITPOINT WARNING * * *
Eustachio closely misses you.
Roll where?
Press: ? - help, Q - select action, (/) - cycle Dir - move target, f - quasit, p - Eustachio
Aim: a quasit (summoned)
You roll forward with a clatter of scales!
You miss the quasit.
Your tail-slap misses the quasit.
You hit the iron imp but do no damage. You barely miss Eustachio.
You closely miss the iron imp. You block the quasit's attack.
The quasit claws you but does no damage. x2
Eustachio casts a spell.
You block the quasit's attack.
The quasit claws you but does no damage.
You block the quasit's attack. The iron imp hits you.
* * * LOW HITPOINT WARNING * * *
The iron imp barely misses you.
You miss Eustachio.
Your tail-slap misses Eustachio.
Eustachio is severely wounded.
You barely miss the iron imp. You miss the quasit.
You barely miss the iron imp. The quasit closely misses you.
The quasit claws you but does no damage.
You block the quasit's attack. Eustachio closely misses you.
The quasit bites you but does no damage.
You block the quasit's attack. The quasit closely misses you.
The iron imp closely misses you. The iron imp barely misses you.
You block Eustachio's attack.
You miss Eustachio.
Your tail-slap misses Eustachio.
Eustachio is severely wounded.
You hit the iron imp. You slash the river rat! You barely miss the quasit.
You hit the iron imp but do no damage. The quasit closely misses you.
The quasit claws you but does no damage.
The quasit closely misses you. The river rat barely misses you.
Eustachio utters an oath, "I will die for my friends!"
Eustachio hits you with a +0 rapier.
You die...

...[..# ##...## ##oo#
......# #.....### #..##
......# ##.......# ######o##
.....####........###...)))#
.....................####..#
.........).......)#### ##.#
........)........).# ..#
......).))......r5.## #.#
........(##.....@@..# ..
.......####.....55..# #.[
###..### ##(.......# ...
#..# ##...>...# #..#
###.....# #..# ####..# #..#
#### #.## #.#


You could see Eustachio, 2 iron imps, a quasit (summoned) and a river rat
(summoned).

Vanquished Creatures
  Sigmund (D:5)
  A yak (D:5)
  Pargi (D:3)
  A centaur (D:5)
  A phantom (D:4)
  2 necrophages
  A scorpion (D:5)
  A jelly (D:4)
  3 orc priests
  Crazy Yiuf (D:4)
  8 gnolls
  6 adders
  2 worms (D:3)
  A dart slug (D:1)
  13 orcs
  An endoplasm (D:2)
  5 giant cockroaches
  8 goblins
  13 hobgoblins
  3 jackals (D:2)
  4 ball pythons
  5 bats
  6 frilled lizards
  7 kobolds
  3 rats
98 creatures vanquished.

Notes
Turn   | Place    | Note
-------+----------+-------------------------------------------
     0 | D:1      | Dabor the Palentonga Fighter began the quest for the Orb.
     0 | D:1      | Reached XP level 1. HP: 19/19 MP: 1/1
   117 | D:1      | Reached XP level 2. HP: 17/25 MP: 2/2
   468 | D:1      | Found a faded altar of an unknown god.
   820 | D:1      | Prayed at the altar of an unknown god.
   820 | D:1      | Became a worshipper of Lugonu the Unformed
   820 | D:1      | Reached * piety under Lugonu
   820 | D:1      | Reached ** piety under Lugonu
  1003 | D:2      | Reached XP level 3. HP: 31/31 MP: 3/3
  1623 | D:3      | Reached XP level 4. HP: 35/37 MP: 4/4
  1894 | D:3      | Reached *** piety under Lugonu
  1900 | D:3      | Reached XP level 5. HP: 26/44 MP: 5/5
  2155 | D:3      | Noticed Pargi
  2159 | D:3      | Reached skill level 4 in Fighting
  2352 | D:3      | Killed Pargi
  2353 | D:3      | Reached skill level 1 in Invocations
  2353 | D:3      | Reached XP level 6. HP: 39/51 MP: 6/6
  2659 | D:4      | Found Raqourasi's Armour Boutique.
  2677 | D:4      | Bought a +0 helmet for 63 gold pieces
  2677 | D:4      | Bought a +0 pair of gloves for 63 gold pieces
  3314 | D:4      | Found a runed translucent door.
  3315 | D:4      | Noticed Crazy Yiuf
  3534 | D:4      | Killed Crazy Yiuf
  3535 | D:4      | Reached skill level 1 in Dodging
  3535 | D:4      | Gained mutation: You curl defensively after being hit. (AC
                  | +7*) [Palentonga growth]
  3535 | D:4      | Reached XP level 7. HP: 50/58 MP: 8/8
  3633 | D:5      | Entered Level 5 of the Dungeon
  3672 | D:5      | Noticed a yak
  3674 | D:5      | Noticed a yak
  3674 | D:5      | Noticed a yak
  3674 | D:5      | Noticed a yak
  3674 | D:5      | Noticed a yak
  3684 | D:5      | Killed a yak
  3938 | D:5      | Reached skill level 5 in Fighting
  4374 | D:5      | Noticed Sigmund
  4374 | D:5      | Noticed Eustachio
  4383 | D:5      | Killed Sigmund
  4384 | D:5      | Reached XP level 8. HP: 9/66 MP: 9/9
  4409 | D:5      | HP: 3/66 [Eustachio/+0 rapier (4)]
  4412 | D:5      | Slain by Eustachio

Illustrated notes

Levels and vault maps discovered:
D:1:      dpeg_arrival_long_road, layout_basic,
          hellmonk_ecumenical_altar_pennies_from_heaven, hangedman_decor_push
D:2:      layout_basic
D:3:      layout_basic, uniq_pargi
D:4:      layout_loops_ring, serial_shops, nicolae_diamond_shop,
          uniq_crazy_yiuf_cottage
D:5:      layout_cave_pods, small_statue_intersection, uniq_eustachio,
          uniq_sigmund

Skill      XL: |  1  2  3  4  5  6  7 |
---------------+----------------------+-----
Shields        | 3 4 |  4.0
Armour         | 3 4 |  4.3
Axes           | 3 4 |  4.8
Fighting       | 4 5 |  5.3
Invocations    | 1 2 |  2.6
Dodging        | 1 2 |  2.3

Action                   |  1- 3 |  4- 6 |  7- 9 || total
-------------------------+-------+-------+-------++-------
Melee: War axe           |    89 |   131 |    49 ||   269
       Tailslap          |     9 |    14 |    11 ||    34
 Abil: Rolling Charge    |     4 |    14 |    11 ||    29
Evoke: Wand              |       |       |     2 ||     2
  Use: Scroll            |       |     2 |     2 ||     4
       Potion            |       |     5 |     1 ||     6
Armor: Scale mail        |    48 |    71 |    34 ||   153
Dodge: Dodged            |    43 |    91 |    44 ||   178
Block: Buckler           |    22 |    25 |       ||    47
       Kite shield       |       |    10 |    27 ||    37

Table legend: (Time is in decaauts)
 A = Elapsed time spent in this place.
 B = Non-inter-level travel time spent in this place.
 C = Inter-level travel time spent in this place.
 D = Time resting spent in this place.
 E = Time spent auto-exploring this place.
 F = Levels seen in this place.
 G = Mean time per level.
                   A        B        C        D        E       F      G
               +--------+--------+--------+--------+--------+-----+--------+
         Total |   4529 |   4305 |    224 |    754 |   2853 |   5 |  905.8 |
       Dungeon |   4529 |   4305 |    224 |    754 |   2853 |   5 |  905.8 |
               +--------+--------+--------+--------+--------+-----+--------+

Top non-repeatable levels by time:
     D:4: 1052 daAuts
     D:3: 1020 daAuts
     D:1: 860 daAuts
     D:5: 806 daAuts
     D:2: 789 daAuts
